AoeStats
← 念

Arena

509330755Analyzed
4v4 RM · 7d ago on Sep 26, 2026· 39m 40s· 8 players
Game mode
Random Map
Map size
Large (8 player)
Population
200
Speed
Normal
Resources
Standard
Victory
Conquest
Starting age
Dark Age
Ending age
Imperial Age
RankedLock teamsTeams togetherTeam positionsShared explorationLock speedFull tech treeHidden civsTurbo modeCheats
Victory
Defeat
🇨🇳 Poles · China
1248
+13
🇨🇳 Hindustanis · China
1200
+15
🇯🇵 Burmese · Japan
1166
+17
🇹🇼 Byzantines · Taiwan
1145
+17
🇦🇺 Jurchens · Australia
1200
-16
🇦🇺 Poles · Australia
1199
-16
🇦🇺 Persians · Australia
1188
-16
🇦🇺 Saxons · Australia
1143
-14
念
10:05 Feudal Age
13:52 Castle Age
14:40 Double-Bit Axe
15:31 Bow Saw
19:27 Wheelbarrow
23:18 Hand Cart
22:50 Horse Collar
23:59 Gold Mining
24:10 Heavy Plow
25:24 Gold Shaft Mining
29:26 Imperial Age
27:12 Loom
27:12 Town Watch
27:27 Stone Mining
29:00 Bloodlines
28:50 Husbandry
28:57 Scale Barding Armor
29:04 Forging
29:31 Stone Shaft Mining
30:33 Chain Barding Armor
29:41 Heavy Camel Rider
31:24 Two-Man Saw
32:03 Plate Barding Armor
32:04 Iron Casting
32:26 Coinage
31:56 Caravan
31:38 Imperial Camel Rider
33:28 Conscription
33:21 Siege Engineers
34:17 Chemistry
33:28 Masonry
34:31 Shatagni
35:19 Light Cavalry
36:54 Padded Archer Armor
37:30 Plate Barding Armor
36:58 Padded Archer Armor
37:58 Blast Furnace
37:35 Ballistics
38:24 Hussar
40:11 Leather Archer Armor
jasonpanex
8:47 Loom
10:59 Feudal Age
12:31 Loom
12:51 Double-Bit Axe
15:16 Castle Age
14:34 Horse Collar
14:50 Gold Mining
15:15 Fletching
16:37 Wheelbarrow
18:04 Bodkin Arrow
19:33 Bow Saw
21:56 Heavy Plow
23:28 Crossbowman
25:17 Thumb Ring
26:15 Stone Mining
30:42 Imperial Age
31:10 Gold Shaft Mining
31:15 Stone Shaft Mining
30:51 Arbalester
32:53 Chemistry
33:29 Conscription
32:35 Elite Skirmisher
32:55 Pikeman
33:35 Squires
34:12 Halberdier
35:26 Hand Cart
36:00 Hoardings
38:10 Crop Rotation
40:00 Two-Man Saw
39:55 Bracer
39:56 Padded Archer Armor
40:06 Forging
39:56 Scale Mail Armor
73624617386501790
10:40 Feudal Age
11:33 Double-Bit Axe
11:38 Horse Collar
15:14 Castle Age
13:40 Loom
16:17 Bow Saw
16:35 Heavy Plow
24:58 Scale Mail Armor
27:06 Forging
27:11 Chain Mail Armor
28:10 Gold Mining
28:10 Stone Mining
29:58 Wheelbarrow
31:53 Hand Cart
34:11 Imperial Age
33:15 Iron Casting
34:16 Elite Obuch
35:28 Conscription
35:50 Crop Rotation
36:26 Plate Mail Armor
38:03 Blast Furnace
40:06 Squires
39:51 Arson
7662200
10:58 Feudal Age
14:39 Castle Age
13:00 Horse Collar
15:53 Wheelbarrow
26:30 Hand Cart
29:00 Imperial Age
26:16 Loom
26:16 Town Watch
27:03 Scale Barding Armor
27:09 Forging
28:31 Chain Barding Armor
28:24 Gold Mining
28:24 Stone Mining
29:28 Iron Casting
29:44 Gold Shaft Mining
29:43 Husbandry
29:54 Bloodlines
30:21 Plate Barding Armor
31:23 Chemistry
30:30 Siege Engineers
32:07 Blast Furnace
31:47 Elite Battle Elephant
32:58 Conscription
33:02 Light Cavalry
Torg
9:54 Feudal Age
13:35 Castle Age
11:33 Double-Bit Axe
11:42 Horse Collar
14:13 Bow Saw
22:24 Wheelbarrow
22:09 Heavy Plow
22:52 Stone Mining
24:29 Hand Cart
24:20 Gold Mining
26:46 Stone Shaft Mining
29:33 Imperial Age
27:06 Town Watch
27:42 Masonry
28:04 Scale Barding Armor
28:10 Forging
28:50 Gold Shaft Mining
29:21 Chain Barding Armor
29:33 Town Patrol
30:50 Chemistry
30:21 Architecture
30:12 Conscription
30:06 Citadels
30:58 Crop Rotation
31:30 Two-Man Saw
32:05 Plate Barding Armor
32:07 Iron Casting
32:06 Husbandry
32:17 Bloodlines
32:39 Fletching
32:37 Loom
32:17 Cavalier
34:22 Guilds
37:20 Blast Furnace
35:50 Savar
Adavi306
10:24 Feudal Age
14:12 Castle Age
12:39 Horse Collar
13:29 Double-Bit Axe
20:09 Heavy Plow
21:06 Bow Saw
21:08 Gold Mining
24:14 Szlachta Privileges
25:20 Scale Barding Armor
25:25 Forging
25:31 Stone Mining
26:02 Bloodlines
25:52 Husbandry
26:56 Chain Barding Armor
30:50 Imperial Age
28:07 Loom
29:38 Iron Casting
32:27 Crop Rotation
31:24 Cavalier
33:27 Conscription
33:27 Scale Mail Armor
34:31 Blast Furnace
34:28 Chain Mail Armor
37:21 Plate Mail Armor
36:51 Elite Obuch
murrayj
9:44 Feudal Age
14:30 Castle Age
13:44 Double-Bit Axe
13:51 Stone Mining
14:05 Horse Collar
14:40 Loom
21:57 Wheelbarrow
22:43 Town Watch
24:26 Hand Cart
24:44 Bow Saw
24:51 Heavy Plow
26:58 Gold Mining
31:13 Imperial Age
29:05 Town Patrol
28:40 Elite Skirmisher
29:34 Squires
29:39 Scale Mail Armor
29:39 Padded Archer Armor
29:30 Fletching
30:07 Masonry
30:23 Ballistics
29:53 Clerical Recruitment
31:08 Chain Mail Armor
30:20 Pikeman
31:29 Bodkin Arrow
31:50 Leather Archer Armor
31:45 Thumb Ring
32:03 Fortified Wall
32:34 Architecture
33:16 Siege Engineers
33:42 Conscription
33:14 Shield Wall
34:08 Bracer
34:39 Ring Archer Armor
34:56 Halberdier
36:56 Plate Mail Armor
36:58 Forging
36:13 Elite Hearth Troop
37:22 Arson
38:38 Hoardings
39:35 Iron Casting
Incitatus
6:50 Loom
10:29 Feudal Age
11:59 Double-Bit Axe
14:41 Castle Age
13:14 Double-Bit Axe
13:54 Scale Barding Armor
15:10 Bloodlines
15:41 Bloodlines
14:55 Light Cavalry
17:20 Bow Saw
32:26 Imperial Age
Connection lost

Rejoining the realm…

Still unreachable

The connection could not be restored.

Session expired

The server has moved on; the page needs a fresh start.